 Dungeon Crawl Stone Soup version 0.31.0 (webtiles) character file.

Game seed: 11334740507977204903

107 qw the Shooter (level 4, -2/28 HPs)
             Began as a Gargoyle Hunter on Jan 19, 2024.
             Slain by Duvessa
             ... wielding a +0 short sword
              (6 damage)
             ... on level 4 of the Dungeon.
             The game lasted 00:00:09 (2548 turns).

qw the Shooter (Gargoyle Hunter)                    Turns: 2548, Time: 00:00:10

Health: -2/28      AC:  8    Str: 15    XL:     4   Next: 86%
Magic:  4/4        EV: 11    Int:  9    God:
Gold:   150        SH:  0    Dex: 15    Spells: 3/3 levels left

rFire   . . .        a - +1 shortbow
rCold   . . .        (shield currently unavailable)
rNeg    + . .        c - +0 leather armour
rPois   inf          (no helmet)
rElec   +            l - +0 cloak
rCorr   .            k - +0 pair of gloves
SInv    .            (no boots)
Will    .....        b - amulet of faith
Stlth   ++           (no ring)
HPRegen 0.24/turn    (no ring)
MPRegen 0.09/turn

%: faith
@: about to teleport
A: sickness immunity, AC +3, negative energy resistance 1, electricity
resistance, torment resistance 1, petrification resistance
a: no special abilities


You were on level 4 of the Dungeon.
You visited 1 branch of the dungeon, and saw 4 of its levels.

You collected 150 gold pieces.


Innate Abilities, Weirdness & Mutations

You are immune to sickness and miasma.
Your stone body is resilient. (AC +3)
You are immune to poison.
You resist negative energy. (rN+)
You are resistant to electric shocks. (rElec)
You are resistant to unholy torment.
You are immune to petrification.


   Skills:
 - Level 3.0 Fighting
 - Level 5.6 Ranged Weapons
 + Level 0.7 Armour
 - Level 1.5 Dodging
 - Level 1.1 Stealth


You had 3 spell levels left.
You didn't know any spells.
Your spell library was empty.

Inventory:

Hand Weapons
 a - a +1 shortbow (weapon)
Armour
 c - a +0 leather armour (worn)
 k - a +0 pair of gloves (worn)
 l - a +0 cloak (worn)
Jewellery
 b - an amulet of faith (around neck)
 e - an amulet of reflection
Scrolls
 h - 2 scrolls of teleportation
Potions
 d - a potion of curing
 g - a potion of haste
 j - a potion of might

Dungeon Overview and Level Annotations

Branches:
Dungeon (4/15)
 Temple: D:4-7

Altars:

Shops:
D:1 (

Annotations:
D:4 Dowan, Duvessa


Message History

There is a stone staircase leading up here.
You shoot an arrow. The arrow hits Duvessa.
Duvessa is lightly wounded.
Duvessa misses you. Dowan hits you but does no damage.
You shoot an arrow.
The arrow hits Duvessa but does no damage.
Duvessa is lightly wounded.
Duvessa hits you with a +0 short sword. Dowan closely misses you.
You shoot an arrow.
The arrow hits Duvessa but does no damage.
Duvessa is lightly wounded.
Duvessa hits you with a +0 short sword. Dowan hits you with a +0 dagger.
You shoot an arrow.
The arrow hits Duvessa but does no damage.
Duvessa is lightly wounded.
Duvessa barely misses you. Dowan hits you but does no damage.
You shoot an arrow. The arrow hits Duvessa.
Duvessa is moderately wounded.
Duvessa hits you with a +0 short sword! Dowan hits you but does no damage.
You shoot an arrow.
The arrow hits Duvessa but does no damage.
Duvessa is moderately wounded.
Duvessa hits you but does no damage.
Dowan points at you and mumbles some strange words.
The puff of frost hits you. Duvessa hits you but does no damage.
Dowan hits you with a +0 dagger.
2545 ||| READING 3 scrolls of teleportation.
As you read the scroll of teleportation, it crumbles to dust.
You feel strangely unstable. Duvessa hits you with a +0 short sword.
Dowan barely misses you.
You shoot an arrow. The arrow hits Duvessa.
Duvessa is moderately wounded.
Dowan says, "My weaknesses are her strengths!"
Dowan barely misses you. Duvessa barely misses you.
You shoot an arrow. The arrow barely misses Duvessa.
Dowan hits you but does no damage. Duvessa misses you.
You shoot an arrow. The arrow hits Duvessa.
Duvessa is heavily wounded.
Duvessa hits you with a +0 short sword.
You die...

#.####### #
#.......#
.##.......#
:........#
#........#
#........#
#.e......#
#.@e.....#
##......?#
..>.....#
###......#
...(..#
#+#####


You could see Duvessa and Dowan.

Vanquished Creatures
  A gnoll (D:1)
  3 adders (D:3)
  2 dart slugs (D:3)
  3 orcs (D:3)
  A bat (D:1)
  An endoplasm (D:2)
  6 giant cockroaches
  5 hobgoblins
  11 jackals
  A quokka (D:1)
  4 ball pythons
  13 frilled lizards
  6 goblins
  2 kobolds (D:1)
  A rat (D:1)
60 creatures vanquished.

Notes
Turn   | Place    | Note
-------+----------+-------------------------------------------
     0 | D:1      | qw the Gargoyle Hunter began the quest for the Orb.
     0 | D:1      | Reached XP level 1. HP: 12/12 MP: 1/1
     0 | D:1      | 0 ||| qw: Version: 0.3-a-132-g3d54051
     0 | D:1      | 0 ||| qw: Game counter: 295
     0 | D:1      | 0 ||| qw: Melee chars always use a shield: true
     0 | D:1      | 0 ||| qw: God list: Okawaru
     0 | D:1      | 0 ||| qw: Allow faded altars: false
     0 | D:1      | 0 ||| qw: Do Orc after clearing Dungeon:15 true
     0 | D:1      | 0 ||| qw: Do second Lair branch before Depths: true
     0 | D:1      | 0 ||| qw: Lair rune preference: random
     0 | D:1      | 0 ||| qw: Goals: Normal
     0 | D:1      | 0 ||| PLANNING D:1-11
    93 | D:1      | Reached XP level 2. HP: 17/17 MP: 2/2
   374 | D:1      | Found Zyunk's Antique Weapon Boutique.
   390 | D:1      | Reached skill level 5 in Ranged Weapons
   390 | D:1      | Reached XP level 3. HP: 21/21 MP: 3/3
   900 | D:1      | 900 ||| READING scroll labelled GOYLUEGOMAU.
   916 | D:1      | 916 ||| READING 2 scrolls labelled MOOXUROKKA.
   917 | D:1      | 917 ||| READING scroll labelled KUBAAD BOIFIC.
   917 | D:1      | 917 ||| ENCHANTING +0 shortbow.
   918 | D:1      | 918 ||| READING 3 scrolls labelled KISOGA JEUGIU.
   922 | D:1      | 922 ||| READING scroll labelled YBEUSI CIERAU.
   922 | D:1      | 922 ||| IDENTIFYING fizzy cyan potion
   923 | D:1      | 923 ||| DROPPING scroll of butterflies.
   924 | D:1      | 924 ||| DROPPING scroll of immolation.
  1521 | D:2      | Found a faded altar of an unknown god.
  1760 | D:2      | 1760 ||| UPGRADING to amulet of faith.
  1790 | D:3      | Reached skill level 3 in Fighting
  1836 | D:3      | Reached XP level 4. HP: 28/28 MP: 4/4
  2332 | D:3      | 2332 ||| UPGRADING to +0 pair of gloves.
  2337 | D:3      | 2337 ||| UPGRADING to +0 cloak.
  2342 | D:3      | 2342 ||| READING 2 scrolls of identify.
  2342 | D:3      | 2342 ||| IDENTIFYING inky potion
  2343 | D:3      | 2343 ||| READING scroll of identify.
  2343 | D:3      | 2343 ||| IDENTIFYING metallic emerald potion
  2344 | D:3      | 2344 ||| DRINKING 2 bubbling sapphire potions.
  2345 | D:3      | 2345 ||| DROPPING potion of berserk rage.
  2373 | D:4      | Noticed Duvessa
  2373 | D:4      | Noticed Dowan
  2374 | D:4      | 2374 ||| PLANNING SEWER
  2375 | D:4      | 2375 ||| STAIRDANCE
  2379 | D:4      | 2379 ||| STAIRDANCE
  2383 | D:4      | 2383 ||| STAIRDANCE
  2388 | D:3      | 2388 ||| FLEEEEING.
  2438 | D:4      | 2438 ||| STAIRDANCE
  2442 | D:4      | 2442 ||| STAIRDANCE
  2444 | D:3      | 2444 ||| FLEEEEING.
  2482 | D:4      | 2482 ||| STAIRDANCE
  2484 | D:3      | 2484 ||| FLEEEEING.
  2544 | D:4      | HP: 6/28 [Dowan/+0 dagger (3)]
  2545 | D:4      | 2545 ||| READING 3 scrolls of teleportation.
  2548 | D:4      | Slain by Duvessa

Levels and vault maps discovered:
D:1:      eino_arrival_druids_welcome, layout_basic, serial_shops,
          nicolae_shop_waterfront, minmay_pentomino_q2
D:2:      layout_basic, basic_ecumenical_altar, serial_bayou,
          serial_bayou_ford_a, serial_bayou_crossing, serial_bayou_lake_a,
          serial_bayou_pond_a, serial_bayou_shore_b, minmay_lizard_pond
D:3:      layout_loops_ring
D:4:      layout_basic, cheibrodos_sewer_entry_drain, serial_shops, shop,
          nicolae_shop_just_a_little_nook, kennysheep_mini_moat, uniq_duvessa

Skill      XL: |  1  2  3 |
---------------+----------+-----
Ranged Weapons | 5 |  5.6
Fighting       | 3 |  3.0
Armour         | |  0.7
Dodging        | |  1.5
Stealth        | |  1.1

Action                     |  1- 3 |  4- 6 || total
---------------------------+-------+-------++-------
   Fire: Shortbow          |   100 |    57 ||   157
    Use: Scroll            |     5 |     3 ||     8
         Potion            |       |     1 ||     1
 Armour: Leather armour    |    37 |    29 ||    66
  Dodge: Dodged            |    45 |    26 ||    71

Table legend:
 A = Non-vault XP
 B = Vault XP
 C = Vault XP percentage of total XP
 D = Non-vault monster count
 E = Vault monster count
 F = Vault count percentage of total count
                 A         B        C        D         E       F
            +---------+---------+-------+---------+---------+-------
      Total |     142 |      12 |   7.8 |      50 |      10 |  16.7
            +---------+---------+-------+---------+---------+-------
        D:1 |      45 |       4 |   8.2 |      19 |       2 |   9.5
        D:2 |      14 |       8 |  36.4 |       8 |       8 |  50.0
        D:3 |      83 |       0 |   0.0 |      23 |       0 |   0.0
            +---------+---------+-------+---------+---------+-------
